 Dungeon Crawl Stone Soup version 0.29.0-4-gdea44cf6ec (webtiles) character file.

Game seed: 10150173635515811609

88 qw the Chopper (level 4, 26/26 HPs)
             Began as a Tengu Warper on Aug 28, 2022.
             Quit the game on level 2 of the Dungeon.
             The game lasted 00:02:55 (3243 turns).

qw the Chopper (Tengu Warper)                       Turns: 3243, Time: 00:02:56

Health: 26/26      AC:  5    Str: 13    XL:     4   Next: 54%
Magic:  8/8        EV: 11    Int: 14    God:
Gold:   130        SH:  0    Dex: 19    Spells: 7/7 levels left

rFire   . . .      SeeInvis .   Y - +0 hand axe
rCold   . . .      Faith    .   (no shield)
rNeg    . . .      Spirit   .   g - +0 ring mail
rPois   .          Reflect  .   (helmet restricted)
rElec   .          Harm     .   (no cloak)
rCorr   .          Rampage  .   (no gloves)
Will    .....                   (boots unavailable)
Stlth   +.........              (no amulet)
HPRegen 0.08/turn               d - +6 ring of dexterity
MPRegen 0.11/turn               (no ring)

@: no status effects
A: beak, talons 3
a: no special abilities


You were on level 2 of the Dungeon.
You visited 1 branch of the dungeon, and saw 2 of its levels.

You collected 130 gold pieces.


Innate Abilities, Weirdness & Mutations

You have a beak for a mouth.
You have claws for feet.


   Skills:
 - Level 2.0 Fighting
 + Level 5.1 Axes
 - Level 1.0 Throwing
 - Level 1.1 Armour
 - Level 2.1 Dodging
 - Level 2.0 Spellcasting
 - Level 2.4 Translocations


You had 7 spell levels left.
You didn't know any spells.
Your spell library contained the following spells:

 Spells                   Type           Power      Damage    Failure   Level
 Blink                    Tloc           16%        N/A       28%         2
 Gell's Gravitas          Tloc           8%         N/A       50%         3
 Lesser Beckoning         Tloc           8%         N/A       50%         3
 Teleport Other           Tloc           8%         N/A       50%         3
 Manifold Assault         Tloc           8%         N/A       99%         5

Inventory:

Hand Weapons
 j - a +0 mace
 Y - a +0 hand axe (weapon)
Armour
 g - a +0 ring mail (worn)
Jewellery
 d - a +6 ring of dexterity (left hand)
Potions
 e - a potion of flight {unknown}

Dungeon Overview and Level Annotations

Branches:
Dungeon (2/15)

Altars:


Message History

An adder is nearby!
An adder is nearby!
3230 ||| Stepping randomly (stuck).
You see here a +0 ring mail.
Things that are here:
a +0 scale mail; a +0 flail; a quokka skeleton An adder is nearby!
An adder is nearby!
3232 ||| Stepping randomly (stuck).
Things that are here:
a +0 scale mail; a +0 flail; a quokka skeleton An adder is nearby!
An adder is nearby!
3234 ||| Stepping randomly (stuck).
An adder is nearby!
An adder is nearby!
3235 ||| Stepping randomly (stuck).
There is a stone staircase leading up, spattered with blood here.
Things that are here:
a +0 scale mail; a +0 flail; a quokka skeleton An adder is nearby!
An adder is nearby!
3237 ||| Stepping randomly (stuck).
An adder is nearby!
An adder is nearby!
3238 ||| Stepping randomly (stuck).
There is a stone staircase leading up, spattered with blood here.
Things that are here:
a +0 scale mail; a +0 flail; a quokka skeleton An adder is nearby!
An adder is nearby!
3241 ||| Stepping randomly (stuck).
An adder is nearby!
An adder is nearby!
3242 ||| Stepping randomly (stuck).
Things that are here:
a +0 scale mail; a +0 flail; a quokka skeleton An adder is nearby!
An adder is nearby!
Are you sure you want to abandon this character and quit the game? (Confirm with "yes".)

#.........
.##........ #
......#.#.. .#
.....#.#.# #.###
.......#.#S....#
#...#.#######
#....~~~~~~~
##.<.####### .
#.[@.# ....# ##
#)##)# .### .#
#.##[..# # .#
#.##.#.# .#
..##..... .#
.###.. ... .# #.
..###### .# ..
.## ...# .


You could see an adder.

Vanquished Creatures
  Terence (D:2)
  3 adders
  5 ball pythons
  2 endoplasms (D:1)
  2 giant cockroaches
  3 goblins (D:1)
  7 hobgoblins
  4 kobolds
  2 quokkas (D:2)
  2 bats (D:1)
  2 frilled lizards (D:1)
  2 rats (D:1)
35 creatures vanquished.

Vanquished Creatures (others)
  2 plants (D:1)
2 creatures vanquished.

Grand Total: 37 creatures vanquished

Notes
Turn   | Place    | Note
-------+----------+-------------------------------------------
     0 | D:1      | qw the Tengu Warper began the quest for the Orb.
     0 | D:1      | Reached XP level 1. HP: 12/12 MP: 4/4
     0 | D:1      | 0 ||| qw: Version: 0.1-a-89-g26bdef1
     0 | D:1      | 0 ||| qw: Game counter: 2234
     0 | D:1      | 0 ||| qw: Always use a shield: true
     0 | D:1      | 0 ||| qw: God list: Okawaru
     0 | D:1      | 0 ||| qw: Allow faded altars: false
     0 | D:1      | 0 ||| qw: Do Orc after D:15 true
     0 | D:1      | 0 ||| qw: Do second Lair branch before Depths: true
     0 | D:1      | 0 ||| qw: Lair rune preference: random
     0 | D:1      | 0 ||| qw: Plans: Normal
     0 | D:1      | 0 ||| PLANNING D:1-11
   117 | D:1      | Reached skill level 3 in Axes
   117 | D:1      | Reached XP level 2. HP: 16/17 MP: 6/6
   188 | D:1      | 188 ||| Stepping ~*~*~tactically~*~*~ (stealth).
   619 | D:1      | 619 ||| DROPPING +0 club.
   722 | D:1      | Reached XP level 3. HP: 21/21 MP: 7/7
   967 | D:1      | 967 ||| UPGRADING to +0 ring mail.
   977 | D:1      | 977 ||| DROPPING +0 leather armour.
   978 | D:1      | 978 ||| UPGRADING to +6 ring of dexterity.
   979 | D:1      | 979 ||| READING 2 scrolls labelled XAONUO WAKUON.
   980 | D:1      | 980 ||| READING scroll labelled FERGHY CIMMUPPU.
   985 | D:1      | 985 ||| DROPPING scroll of fear.
   986 | D:1      | 986 ||| DROPPING scroll of blinking.
  1023 | D:2      | 1023 ||| STAIRDANCE
  1028 | D:1      | Reached skill level 4 in Axes
  1080 | D:2      | Noticed Terence
  1083 | D:2      | 1083 ||| STAIRDANCE
  1098 | D:2      | HP: 1/21 [Terence/+0 flail (12)]
  1100 | D:2      | Killed Terence
  1101 | D:2      | Reached XP level 4. HP: 1/26 MP: 8/8
  1101 | D:2      | 1101 ||| STAIRDANCE
  1409 | D:2      | 1409 ||| Stepping randomly (stuck).
  1410 | D:2      | 1410 ||| Stepping randomly (stuck).
  1412 | D:2      | 1412 ||| Stepping randomly (stuck).
  1414 | D:2      | 1414 ||| Stepping randomly (stuck).
  1415 | D:2      | 1415 ||| Stepping randomly (stuck).
  1416 | D:2      | 1416 ||| Stepping randomly (stuck).
  1417 | D:2      | 1417 ||| Stepping randomly (stuck).
  1418 | D:2      | 1418 ||| Stepping randomly (stuck).
  1421 | D:2      | 1421 ||| Stepping randomly (stuck).
  1427 | D:2      | 1427 ||| Stepping randomly (stuck).
  1429 | D:2      | 1429 ||| Stepping randomly (stuck).
  1431 | D:2      | 1431 ||| Stepping randomly (stuck).
  1433 | D:2      | 1433 ||| Stepping randomly (stuck).
  1434 | D:2      | 1434 ||| Stepping randomly (stuck).
  1436 | D:2      | 1436 ||| Stepping randomly (stuck).
  1438 | D:2      | 1438 ||| Stepping randomly (stuck).
  1439 | D:2      | 1439 ||| Stepping randomly (stuck).
  1441 | D:2      | 1441 ||| Stepping randomly (stuck).
  1443 | D:2      | 1443 ||| Stepping randomly (stuck).
  1445 | D:2      | 1445 ||| Stepping randomly (stuck).
  1447 | D:2      | 1447 ||| Stepping randomly (stuck).
  1449 | D:2      | 1449 ||| Stepping randomly (stuck).
  1450 | D:2      | 1450 ||| Stepping randomly (stuck).
  1453 | D:2      | 1453 ||| Stepping randomly (stuck).
  1455 | D:2      | 1455 ||| Stepping randomly (stuck).
  1456 | D:2      | 1456 ||| Stepping randomly (stuck).
  1458 | D:2      | 1458 ||| Stepping randomly (stuck).
  1460 | D:2      | 1460 ||| Stepping randomly (stuck).
  1461 | D:2      | 1461 ||| Stepping randomly (stuck).
  1462 | D:2      | 1462 ||| Stepping randomly (stuck).
  1465 | D:2      | 1465 ||| Stepping randomly (stuck).
  1467 | D:2      | 1467 ||| Stepping ~*~*~tactically~*~*~ (stealth).
  1474 | D:2      | 1474 ||| Stepping randomly (stuck).
  1476 | D:2      | 1476 ||| Stepping randomly (stuck).
  1478 | D:2      | 1478 ||| Stepping randomly (stuck).
  1480 | D:2      | 1480 ||| Stepping randomly (stuck).
  1483 | D:2      | 1483 ||| Stepping randomly (stuck).
  1485 | D:2      | 1485 ||| Stepping randomly (stuck).
  1486 | D:2      | 1486 ||| Stepping randomly (stuck).
  1487 | D:2      | 1487 ||| Stepping randomly (stuck).
  1488 | D:2      | 1488 ||| Stepping randomly (stuck).
  1490 | D:2      | 1490 ||| Stepping randomly (stuck).
  1492 | D:2      | 1492 ||| Stepping randomly (stuck).
  1493 | D:2      | 1493 ||| Stepping randomly (stuck).
  1496 | D:2      | 1496 ||| Stepping randomly (stuck).
  1498 | D:2      | 1498 ||| Stepping randomly (stuck).
  1500 | D:2      | 1500 ||| Stepping randomly (stuck).
  1501 | D:2      | 1501 ||| Stepping randomly (stuck).
  1504 | D:2      | 1504 ||| Stepping randomly (stuck).
  1505 | D:2      | 1505 ||| Stepping randomly (stuck).
  1508 | D:2      | 1508 ||| Stepping randomly (stuck).
  1510 | D:2      | 1510 ||| Stepping randomly (stuck).
  1512 | D:2      | 1512 ||| Stepping randomly (stuck).
  1514 | D:2      | 1514 ||| Stepping randomly (stuck).
  1516 | D:2      | 1516 ||| Stepping randomly (stuck).
  1518 | D:2      | 1518 ||| Stepping randomly (stuck).
  1519 | D:2      | 1519 ||| Stepping randomly (stuck).
  1520 | D:2      | 1520 ||| Stepping randomly (stuck).
  1521 | D:2      | 1521 ||| Stepping randomly (stuck).
  1523 | D:2      | 1523 ||| Stepping randomly (stuck).
  1525 | D:2      | 1525 ||| Stepping randomly (stuck).
  1527 | D:2      | 1527 ||| Stepping randomly (stuck).
  1529 | D:2      | 1529 ||| Stepping randomly (stuck).
  1531 | D:2      | 1531 ||| Stepping randomly (stuck).
  1532 | D:2      | 1532 ||| Stepping randomly (stuck).
  1535 | D:2      | 1535 ||| Stepping randomly (stuck).
  1537 | D:2      | 1537 ||| Stepping randomly (stuck).
  1538 | D:2      | 1538 ||| Stepping randomly (stuck).
  1540 | D:2      | 1540 ||| Stepping randomly (stuck).
  1542 | D:2      | 1542 ||| Stepping randomly (stuck).
  1544 | D:2      | 1544 ||| Stepping randomly (stuck).
  1545 | D:2      | 1545 ||| Stepping randomly (stuck).
  1546 | D:2      | 1546 ||| Stepping randomly (stuck).
  1547 | D:2      | 1547 ||| Stepping randomly (stuck).
  1550 | D:2      | 1550 ||| Stepping randomly (stuck).
  1551 | D:2      | 1551 ||| Stepping randomly (stuck).
  1552 | D:2      | 1552 ||| Stepping randomly (stuck).
  1553 | D:2      | 1553 ||| Stepping randomly (stuck).
  1554 | D:2      | 1554 ||| Stepping randomly (stuck).
  1556 | D:2      | 1556 ||| Stepping randomly (stuck).
  1558 | D:2      | 1558 ||| Stepping randomly (stuck).
  1560 | D:2      | 1560 ||| Stepping randomly (stuck).
  1562 | D:2      | 1562 ||| Stepping randomly (stuck).
  1563 | D:2      | 1563 ||| Stepping randomly (stuck).
  1565 | D:2      | 1565 ||| Stepping randomly (stuck).
  1567 | D:2      | 1567 ||| Stepping randomly (stuck).
  1569 | D:2      | 1569 ||| Stepping randomly (stuck).
  1571 | D:2      | 1571 ||| Stepping randomly (stuck).
  1573 | D:2      | 1573 ||| Stepping randomly (stuck).
  1574 | D:2      | 1574 ||| Stepping randomly (stuck).
  1576 | D:2      | 1576 ||| Stepping randomly (stuck).
  1578 | D:2      | 1578 ||| Stepping randomly (stuck).
  1580 | D:2      | 1580 ||| Stepping randomly (stuck).
  1582 | D:2      | 1582 ||| Stepping randomly (stuck).
  1583 | D:2      | 1583 ||| Stepping randomly (stuck).
  1585 | D:2      | 1585 ||| Stepping randomly (stuck).
  1587 | D:2      | 1587 ||| Stepping randomly (stuck).
  1589 | D:2      | 1589 ||| Stepping ~*~*~tactically~*~*~ (stealth).
  1590 | D:2      | 1590 ||| Stepping ~*~*~tactically~*~*~ (stealth).
  1596 | D:2      | 1596 ||| Stepping ~*~*~tactically~*~*~ (stealth).
  1597 | D:2      | 1597 ||| Stepping ~*~*~tactically~*~*~ (stealth).
  1604 | D:2      | Reached skill level 5 in Axes
  1605 | D:2      | 1605 ||| FLEEEEING.
  1606 | D:2      | 1606 ||| FLEEEEING.
  1607 | D:2      | 1607 ||| STAIRDANCE
  1659 | D:2      | 1659 ||| Stepping randomly (stuck).
  1661 | D:2      | 1661 ||| Stepping randomly (stuck).
  1662 | D:2      | 1662 ||| Stepping randomly (stuck).
  1663 | D:2      | 1663 ||| Stepping randomly (stuck).
  1665 | D:2      | 1665 ||| Stepping randomly (stuck).
  1667 | D:2      | 1667 ||| Stepping randomly (stuck).
  1668 | D:2      | 1668 ||| Stepping randomly (stuck).
  1671 | D:2      | 1671 ||| Stepping randomly (stuck).
  1673 | D:2      | 1673 ||| Stepping randomly (stuck).
  1674 | D:2      | 1674 ||| Stepping randomly (stuck).
  1675 | D:2      | 1675 ||| Stepping randomly (stuck).
  1677 | D:2      | 1677 ||| Stepping randomly (stuck).
  1679 | D:2      | 1679 ||| Stepping randomly (stuck).
  1680 | D:2      | 1680 ||| Stepping randomly (stuck).
  1681 | D:2      | 1681 ||| Stepping randomly (stuck).
  1685 | D:2      | 1685 ||| READING scroll labelled MASAMOA DEIM.
  1686 | D:2      | 1686 ||| Stepping randomly (stuck).
  1688 | D:2      | 1688 ||| Stepping randomly (stuck).
  1690 | D:2      | 1690 ||| Stepping randomly (stuck).
  1692 | D:2      | 1692 ||| Stepping randomly (stuck).
  1694 | D:2      | 1694 ||| Stepping randomly (stuck).
  1695 | D:2      | 1695 ||| Stepping randomly (stuck).
  1698 | D:2      | 1698 ||| Stepping randomly (stuck).
  1699 | D:2      | 1699 ||| Stepping randomly (stuck).
  1700 | D:2      | 1700 ||| Stepping randomly (stuck).
  1703 | D:2      | 1703 ||| Stepping randomly (stuck).
  1705 | D:2      | 1705 ||| Stepping randomly (stuck).
  1707 | D:2      | 1707 ||| Stepping randomly (stuck).
  1709 | D:2      | 1709 ||| Stepping randomly (stuck).
  1711 | D:2      | 1711 ||| Stepping randomly (stuck).
  1713 | D:2      | 1713 ||| Stepping randomly (stuck).
  1715 | D:2      | 1715 ||| Stepping randomly (stuck).
  1717 | D:2      | 1717 ||| Stepping randomly (stuck).
  1719 | D:2      | 1719 ||| Stepping randomly (stuck).
  1721 | D:2      | 1721 ||| Stepping randomly (stuck).
  1723 | D:2      | 1723 ||| Stepping randomly (stuck).
  1725 | D:2      | 1725 ||| Stepping randomly (stuck).
  1726 | D:2      | 1726 ||| Stepping randomly (stuck).
  1728 | D:2      | 1728 ||| Stepping randomly (stuck).
  1730 | D:2      | 1730 ||| Stepping randomly (stuck).
  1732 | D:2      | 1732 ||| Stepping randomly (stuck).
  1733 | D:2      | 1733 ||| Stepping randomly (stuck).
  1736 | D:2      | 1736 ||| Stepping randomly (stuck).
  1737 | D:2      | 1737 ||| Stepping randomly (stuck).
  1738 | D:2      | 1738 ||| Stepping randomly (stuck).
  1741 | D:2      | 1741 ||| Stepping randomly (stuck).
  1743 | D:2      | 1743 ||| Stepping randomly (stuck).
  1745 | D:2      | 1745 ||| Stepping randomly (stuck).
  1746 | D:2      | 1746 ||| Stepping randomly (stuck).
  1747 | D:2      | 1747 ||| Stepping randomly (stuck).
  1748 | D:2      | 1748 ||| Stepping randomly (stuck).
  1750 | D:2      | 1750 ||| Stepping randomly (stuck).
  1751 | D:2      | 1751 ||| Stepping randomly (stuck).
  1752 | D:2      | 1752 ||| Stepping randomly (stuck).
  1755 | D:2      | 1755 ||| Stepping randomly (stuck).
  1756 | D:2      | 1756 ||| Stepping randomly (stuck).
  1758 | D:2      | 1758 ||| Stepping randomly (stuck).
  1759 | D:2      | 1759 ||| Stepping randomly (stuck).
  1760 | D:2      | 1760 ||| Stepping randomly (stuck).
  1763 | D:2      | 1763 ||| Stepping randomly (stuck).
  1765 | D:2      | 1765 ||| Stepping randomly (stuck).
  1767 | D:2      | 1767 ||| Stepping randomly (stuck).
  1769 | D:2      | 1769 ||| Stepping randomly (stuck).
  1770 | D:2      | 1770 ||| Stepping randomly (stuck).
  1773 | D:2      | 1773 ||| Stepping randomly (stuck).
  1774 | D:2      | 1774 ||| Stepping randomly (stuck).
  1776 | D:2      | 1776 ||| Stepping randomly (stuck).
  1777 | D:2      | 1777 ||| Stepping randomly (stuck).
  1778 | D:2      | 1778 ||| Stepping randomly (stuck).
  1779 | D:2      | 1779 ||| Stepping randomly (stuck).
  1781 | D:2      | 1781 ||| Stepping randomly (stuck).
  1782 | D:2      | 1782 ||| Stepping randomly (stuck).
  1784 | D:2      | 1784 ||| Stepping randomly (stuck).
  1786 | D:2      | 1786 ||| Stepping randomly (stuck).
  1787 | D:2      | 1787 ||| Stepping randomly (stuck).
  1789 | D:2      | 1789 ||| Stepping randomly (stuck).
  1791 | D:2      | 1791 ||| Stepping randomly (stuck).
  1792 | D:2      | 1792 ||| Stepping randomly (stuck).
  1793 | D:2      | 1793 ||| Stepping randomly (stuck).
  1795 | D:2      | 1795 ||| Stepping randomly (stuck).
  1796 | D:2      | 1796 ||| Stepping randomly (stuck).
  1797 | D:2      | 1797 ||| Stepping randomly (stuck).
  1798 | D:2      | 1798 ||| Stepping randomly (stuck).
  1799 | D:2      | 1799 ||| Stepping randomly (stuck).
  1801 | D:2      | 1801 ||| Stepping randomly (stuck).
  1802 | D:2      | 1802 ||| Stepping randomly (stuck).
  1803 | D:2      | 1803 ||| Stepping randomly (stuck).
  1805 | D:2      | 1805 ||| Stepping randomly (stuck).
  1807 | D:2      | 1807 ||| Stepping randomly (stuck).
  1808 | D:2      | 1808 ||| Stepping randomly (stuck).
  1809 | D:2      | 1809 ||| Stepping randomly (stuck).
  1810 | D:2      | 1810 ||| Stepping randomly (stuck).
  1812 | D:2      | 1812 ||| Stepping randomly (stuck).
  1814 | D:2      | 1814 ||| Stepping randomly (stuck).
  1816 | D:2      | 1816 ||| Stepping randomly (stuck).
  1818 | D:2      | 1818 ||| Stepping randomly (stuck).
  1819 | D:2      | 1819 ||| Stepping randomly (stuck).
  1820 | D:2      | 1820 ||| Stepping randomly (stuck).
  1822 | D:2      | 1822 ||| Stepping randomly (stuck).
  1824 | D:2      | 1824 ||| Stepping randomly (stuck).
  1825 | D:2      | 1825 ||| Stepping randomly (stuck).
  1826 | D:2      | 1826 ||| Stepping randomly (stuck).
  1828 | D:2      | 1828 ||| Stepping randomly (stuck).
  1830 | D:2      | 1830 ||| Stepping randomly (stuck).
  1832 | D:2      | 1832 ||| Stepping randomly (stuck).
  1834 | D:2      | 1834 ||| Stepping randomly (stuck).
  1836 | D:2      | 1836 ||| Stepping randomly (stuck).
  1838 | D:2      | 1838 ||| Stepping randomly (stuck).
  1840 | D:2      | 1840 ||| Stepping randomly (stuck).
  1842 | D:2      | 1842 ||| Stepping randomly (stuck).
  1844 | D:2      | 1844 ||| Stepping randomly (stuck).
  1846 | D:2      | 1846 ||| Stepping randomly (stuck).
  1847 | D:2      | 1847 ||| Stepping randomly (stuck).
  1850 | D:2      | 1850 ||| Stepping randomly (stuck).
  1852 | D:2      | 1852 ||| Stepping randomly (stuck).
  1854 | D:2      | 1854 ||| Stepping randomly (stuck).
  1856 | D:2      | 1856 ||| Stepping randomly (stuck).
  1858 | D:2      | 1858 ||| Stepping randomly (stuck).
  1860 | D:2      | 1860 ||| Stepping randomly (stuck).
  1861 | D:2      | 1861 ||| Stepping randomly (stuck).
  1863 | D:2      | 1863 ||| Stepping randomly (stuck).
  1864 | D:2      | 1864 ||| Stepping randomly (stuck).
  1866 | D:2      | 1866 ||| Stepping randomly (stuck).
  1867 | D:2      | 1867 ||| Stepping randomly (stuck).
  1870 | D:2      | 1870 ||| Stepping randomly (stuck).
  1872 | D:2      | 1872 ||| Stepping randomly (stuck).
  1874 | D:2      | 1874 ||| Stepping randomly (stuck).
  1875 | D:2      | 1875 ||| Stepping randomly (stuck).
  1876 | D:2      | 1876 ||| Stepping randomly (stuck).
  1879 | D:2      | 1879 ||| Stepping randomly (stuck).
  1881 | D:2      | 1881 ||| Stepping randomly (stuck).
  1882 | D:2      | 1882 ||| Stepping randomly (stuck).
  1884 | D:2      | 1884 ||| Stepping randomly (stuck).
  1885 | D:2      | 1885 ||| Stepping randomly (stuck).
  1887 | D:2      | 1887 ||| Stepping randomly (stuck).
  1889 | D:2      | 1889 ||| Stepping randomly (stuck).
  1890 | D:2      | 1890 ||| Stepping randomly (stuck).
  1891 | D:2      | 1891 ||| Stepping randomly (stuck).
  1893 | D:2      | 1893 ||| Stepping randomly (stuck).
  1895 | D:2      | 1895 ||| Stepping randomly (stuck).
  1897 | D:2      | 1897 ||| Stepping randomly (stuck).
  1899 | D:2      | 1899 ||| Stepping randomly (stuck).
  1901 | D:2      | 1901 ||| Stepping randomly (stuck).
  1902 | D:2      | 1902 ||| Stepping randomly (stuck).
  1904 | D:2      | 1904 ||| Stepping randomly (stuck).
  1905 | D:2      | 1905 ||| Stepping randomly (stuck).
  1907 | D:2      | 1907 ||| Stepping randomly (stuck).
  1908 | D:2      | 1908 ||| Stepping randomly (stuck).
  1910 | D:2      | 1910 ||| Stepping randomly (stuck).
  1912 | D:2      | 1912 ||| Stepping randomly (stuck).
  1914 | D:2      | 1914 ||| Stepping randomly (stuck).
  1916 | D:2      | 1916 ||| Stepping randomly (stuck).
  1917 | D:2      | 1917 ||| Stepping randomly (stuck).
  1918 | D:2      | 1918 ||| Stepping randomly (stuck).
  1920 | D:2      | 1920 ||| Stepping randomly (stuck).
  1922 | D:2      | 1922 ||| Stepping randomly (stuck).
  1924 | D:2      | 1924 ||| Stepping randomly (stuck).
  1925 | D:2      | 1925 ||| Stepping randomly (stuck).
  1928 | D:2      | 1928 ||| Stepping randomly (stuck).
  1930 | D:2      | 1930 ||| Stepping randomly (stuck).
  1932 | D:2      | 1932 ||| Stepping randomly (stuck).
  1934 | D:2      | 1934 ||| Stepping randomly (stuck).
  1935 | D:2      | 1935 ||| Stepping randomly (stuck).
  1936 | D:2      | 1936 ||| Stepping randomly (stuck).
  1938 | D:2      | 1938 ||| Stepping randomly (stuck).
  1940 | D:2      | 1940 ||| Stepping randomly (stuck).
  1942 | D:2      | 1942 ||| Stepping randomly (stuck).
  1943 | D:2      | 1943 ||| Stepping randomly (stuck).
  1945 | D:2      | 1945 ||| Stepping randomly (stuck).
  1947 | D:2      | 1947 ||| Stepping randomly (stuck).
  1948 | D:2      | 1948 ||| Stepping randomly (stuck).
  1949 | D:2      | 1949 ||| Stepping randomly (stuck).
  1950 | D:2      | 1950 ||| Stepping randomly (stuck).
  1951 | D:2      | 1951 ||| Stepping randomly (stuck).
  1953 | D:2      | 1953 ||| Stepping randomly (stuck).
  1955 | D:2      | 1955 ||| Stepping randomly (stuck).
  1957 | D:2      | 1957 ||| Stepping randomly (stuck).
  1959 | D:2      | 1959 ||| Stepping randomly (stuck).
  1960 | D:2      | 1960 ||| Stepping randomly (stuck).
  1961 | D:2      | 1961 ||| Stepping randomly (stuck).
  1963 | D:2      | 1963 ||| Stepping randomly (stuck).
  1965 | D:2      | 1965 ||| Stepping randomly (stuck).
  1966 | D:2      | 1966 ||| Stepping randomly (stuck).
  1967 | D:2      | 1967 ||| Stepping randomly (stuck).
  1969 | D:2      | 1969 ||| Stepping randomly (stuck).
  1971 | D:2      | 1971 ||| Stepping randomly (stuck).
  1973 | D:2      | 1973 ||| Stepping randomly (stuck).
  1975 | D:2      | 1975 ||| Stepping randomly (stuck).
  1977 | D:2      | 1977 ||| Stepping randomly (stuck).
  1978 | D:2      | 1978 ||| Stepping randomly (stuck).
  1980 | D:2      | 1980 ||| Stepping randomly (stuck).
  1982 | D:2      | 1982 ||| Stepping randomly (stuck).
  1984 | D:2      | 1984 ||| Stepping randomly (stuck).
  1985 | D:2      | 1985 ||| Stepping randomly (stuck).
  1988 | D:2      | 1988 ||| Stepping randomly (stuck).
  1990 | D:2      | 1990 ||| Stepping randomly (stuck).
  1992 | D:2      | 1992 ||| Stepping randomly (stuck).
  1993 | D:2      | 1993 ||| Stepping randomly (stuck).
  1994 | D:2      | 1994 ||| Stepping randomly (stuck).
  1995 | D:2      | 1995 ||| Stepping randomly (stuck).
  1997 | D:2      | 1997 ||| Stepping randomly (stuck).
  1998 | D:2      | 1998 ||| Stepping randomly (stuck).
  2000 | D:2      | 2000 ||| Stepping randomly (stuck).
  2001 | D:2      | 2001 ||| Stepping randomly (stuck).
  2003 | D:2      | 2003 ||| Stepping randomly (stuck).
  2005 | D:2      | 2005 ||| Stepping randomly (stuck).
  2006 | D:2      | 2006 ||| Stepping randomly (stuck).
  2007 | D:2      | 2007 ||| Stepping randomly (stuck).
  2009 | D:2      | 2009 ||| Stepping randomly (stuck).
  2010 | D:2      | 2010 ||| Stepping randomly (stuck).
  2013 | D:2      | 2013 ||| Stepping randomly (stuck).
  2014 | D:2      | 2014 ||| Stepping randomly (stuck).
  2016 | D:2      | 2016 ||| Stepping randomly (stuck).
  2017 | D:2      | 2017 ||| Stepping randomly (stuck).
  2019 | D:2      | 2019 ||| Stepping randomly (stuck).
  2021 | D:2      | 2021 ||| Stepping randomly (stuck).
  2023 | D:2      | 2023 ||| Stepping randomly (stuck).
  2025 | D:2      | 2025 ||| Stepping randomly (stuck).
  2027 | D:2      | 2027 ||| Stepping randomly (stuck).
  2029 | D:2      | 2029 ||| Stepping randomly (stuck).
  2030 | D:2      | 2030 ||| Stepping randomly (stuck).
  2031 | D:2      | 2031 ||| Stepping randomly (stuck).
  2032 | D:2      | 2032 ||| Stepping randomly (stuck).
  2035 | D:2      | 2035 ||| Stepping randomly (stuck).
  2037 | D:2      | 2037 ||| Stepping randomly (stuck).
  2039 | D:2      | 2039 ||| Stepping randomly (stuck).
  2040 | D:2      | 2040 ||| Stepping randomly (stuck).
  2041 | D:2      | 2041 ||| Stepping randomly (stuck).
  2044 | D:2      | 2044 ||| Stepping randomly (stuck).
  2046 | D:2      | 2046 ||| Stepping randomly (stuck).
  2048 | D:2      | 2048 ||| Stepping randomly (stuck).
  2050 | D:2      | 2050 ||| Stepping randomly (stuck).
  2052 | D:2      | 2052 ||| Stepping randomly (stuck).
  2054 | D:2      | 2054 ||| Stepping randomly (stuck).
  2055 | D:2      | 2055 ||| Stepping randomly (stuck).
  2057 | D:2      | 2057 ||| Stepping randomly (stuck).
  2059 | D:2      | 2059 ||| Stepping randomly (stuck).
  2061 | D:2      | 2061 ||| Stepping randomly (stuck).
  2063 | D:2      | 2063 ||| Stepping randomly (stuck).
  2064 | D:2      | 2064 ||| Stepping randomly (stuck).
  2065 | D:2      | 2065 ||| Stepping randomly (stuck).
  2067 | D:2      | 2067 ||| Stepping randomly (stuck).
  2069 | D:2      | 2069 ||| Stepping randomly (stuck).
  2071 | D:2      | 2071 ||| Stepping randomly (stuck).
  2073 | D:2      | 2073 ||| Stepping randomly (stuck).
  2074 | D:2      | 2074 ||| Stepping randomly (stuck).
  2077 | D:2      | 2077 ||| Stepping randomly (stuck).
  2079 | D:2      | 2079 ||| Stepping randomly (stuck).
  2080 | D:2      | 2080 ||| Stepping randomly (stuck).
  2082 | D:2      | 2082 ||| Stepping randomly (stuck).
  2084 | D:2      | 2084 ||| Stepping randomly (stuck).
  2086 | D:2      | 2086 ||| Stepping randomly (stuck).
  2087 | D:2      | 2087 ||| Stepping randomly (stuck).
  2089 | D:2      | 2089 ||| Stepping randomly (stuck).
  2090 | D:2      | 2090 ||| Stepping randomly (stuck).
  2092 | D:2      | 2092 ||| Stepping randomly (stuck).
  2093 | D:2      | 2093 ||| Stepping randomly (stuck).
  2094 | D:2      | 2094 ||| Stepping randomly (stuck).
  2096 | D:2      | 2096 ||| Stepping randomly (stuck).
  2098 | D:2      | 2098 ||| Stepping randomly (stuck).
  2100 | D:2      | 2100 ||| Stepping randomly (stuck).
  2101 | D:2      | 2101 ||| Stepping randomly (stuck).
  2104 | D:2      | 2104 ||| Stepping randomly (stuck).
  2106 | D:2      | 2106 ||| Stepping randomly (stuck).
  2108 | D:2      | 2108 ||| Stepping randomly (stuck).
  2109 | D:2      | 2109 ||| Stepping randomly (stuck).
  2111 | D:2      | 2111 ||| Stepping randomly (stuck).
  2113 | D:2      | 2113 ||| Stepping randomly (stuck).
  2114 | D:2      | 2114 ||| Stepping randomly (stuck).
  2115 | D:2      | 2115 ||| Stepping randomly (stuck).
  2116 | D:2      | 2116 ||| Stepping randomly (stuck).
  2117 | D:2      | 2117 ||| Stepping randomly (stuck).
  2119 | D:2      | 2119 ||| Stepping randomly (stuck).
  2120 | D:2      | 2120 ||| Stepping randomly (stuck).
  2123 | D:2      | 2123 ||| Stepping randomly (stuck).
  2125 | D:2      | 2125 ||| Stepping randomly (stuck).
  2127 | D:2      | 2127 ||| Stepping randomly (stuck).
  2128 | D:2      | 2128 ||| Stepping randomly (stuck).
  2129 | D:2      | 2129 ||| Stepping randomly (stuck).
  2130 | D:2      | 2130 ||| Stepping randomly (stuck).
  2131 | D:2      | 2131 ||| Stepping randomly (stuck).
  2134 | D:2      | 2134 ||| Stepping randomly (stuck).
  2136 | D:2      | 2136 ||| Stepping randomly (stuck).
  2138 | D:2      | 2138 ||| Stepping randomly (stuck).
  2139 | D:2      | 2139 ||| Stepping randomly (stuck).
  2140 | D:2      | 2140 ||| Stepping randomly (stuck).
  2142 | D:2      | 2142 ||| Stepping randomly (stuck).
  2143 | D:2      | 2143 ||| Stepping randomly (stuck).
  2145 | D:2      | 2145 ||| Stepping randomly (stuck).
  2146 | D:2      | 2146 ||| Stepping randomly (stuck).
  2148 | D:2      | 2148 ||| Stepping randomly (stuck).
  2150 | D:2      | 2150 ||| Stepping randomly (stuck).
  2152 | D:2      | 2152 ||| Stepping randomly (stuck).
  2154 | D:2      | 2154 ||| Stepping randomly (stuck).
  2156 | D:2      | 2156 ||| Stepping randomly (stuck).
  2157 | D:2      | 2157 ||| Stepping randomly (stuck).
  2159 | D:2      | 2159 ||| Stepping randomly (stuck).
  2160 | D:2      | 2160 ||| Stepping randomly (stuck).
  2161 | D:2      | 2161 ||| Stepping randomly (stuck).
  2163 | D:2      | 2163 ||| Stepping randomly (stuck).
  2165 | D:2      | 2165 ||| Stepping randomly (stuck).
  2167 | D:2      | 2167 ||| Stepping randomly (stuck).
  2168 | D:2      | 2168 ||| Stepping randomly (stuck).
  2169 | D:2      | 2169 ||| Stepping randomly (stuck).
  2171 | D:2      | 2171 ||| Stepping randomly (stuck).
  2173 | D:2      | 2173 ||| Stepping randomly (stuck).
  2175 | D:2      | 2175 ||| Stepping randomly (stuck).
  2176 | D:2      | 2176 ||| Stepping randomly (stuck).
  2177 | D:2      | 2177 ||| Stepping randomly (stuck).
  2179 | D:2      | 2179 ||| Stepping randomly (stuck).
  2180 | D:2      | 2180 ||| Stepping randomly (stuck).
  2181 | D:2      | 2181 ||| Stepping randomly (stuck).
  2182 | D:2      | 2182 ||| Stepping randomly (stuck).
  2184 | D:2      | 2184 ||| Stepping randomly (stuck).
  2185 | D:2      | 2185 ||| Stepping randomly (stuck).
  2188 | D:2      | 2188 ||| Stepping randomly (stuck).
  2190 | D:2      | 2190 ||| Stepping randomly (stuck).
  2192 | D:2      | 2192 ||| Stepping randomly (stuck).
  2193 | D:2      | 2193 ||| Stepping randomly (stuck).
  2196 | D:2      | 2196 ||| Stepping randomly (stuck).
  2198 | D:2      | 2198 ||| Stepping randomly (stuck).
  2200 | D:2      | 2200 ||| Stepping randomly (stuck).
  2201 | D:2      | 2201 ||| Stepping randomly (stuck).
  2202 | D:2      | 2202 ||| Stepping randomly (stuck).
  2204 | D:2      | 2204 ||| Stepping randomly (stuck).
  2206 | D:2      | 2206 ||| Stepping randomly (stuck).
  2208 | D:2      | 2208 ||| Stepping randomly (stuck).
  2209 | D:2      | 2209 ||| Stepping randomly (stuck).
  2212 | D:2      | 2212 ||| Stepping randomly (stuck).
  2214 | D:2      | 2214 ||| Stepping randomly (stuck).
  2215 | D:2      | 2215 ||| Stepping randomly (stuck).
  2218 | D:2      | 2218 ||| Stepping randomly (stuck).
  2220 | D:2      | 2220 ||| Stepping randomly (stuck).
  2222 | D:2      | 2222 ||| Stepping randomly (stuck).
  2224 | D:2      | 2224 ||| Stepping randomly (stuck).
  2226 | D:2      | 2226 ||| Stepping randomly (stuck).
  2228 | D:2      | 2228 ||| Stepping randomly (stuck).
  2230 | D:2      | 2230 ||| Stepping randomly (stuck).
  2231 | D:2      | 2231 ||| Stepping randomly (stuck).
  2233 | D:2      | 2233 ||| Stepping randomly (stuck).
  2235 | D:2      | 2235 ||| Stepping randomly (stuck).
  2236 | D:2      | 2236 ||| Stepping randomly (stuck).
  2238 | D:2      | 2238 ||| Stepping randomly (stuck).
  2240 | D:2      | 2240 ||| Stepping randomly (stuck).
  2242 | D:2      | 2242 ||| Stepping randomly (stuck).
  2244 | D:2      | 2244 ||| Stepping randomly (stuck).
  2245 | D:2      | 2245 ||| Stepping randomly (stuck).
  2247 | D:2      | 2247 ||| Stepping randomly (stuck).
  2249 | D:2      | 2249 ||| Stepping randomly (stuck).
  2251 | D:2      | 2251 ||| Stepping randomly (stuck).
  2253 | D:2      | 2253 ||| Stepping randomly (stuck).
  2255 | D:2      | 2255 ||| Stepping randomly (stuck).
  2257 | D:2      | 2257 ||| Stepping randomly (stuck).
  2259 | D:2      | 2259 ||| Stepping randomly (stuck).
  2261 | D:2      | 2261 ||| Stepping randomly (stuck).
  2263 | D:2      | 2263 ||| Stepping randomly (stuck).
  2265 | D:2      | 2265 ||| Stepping randomly (stuck).
  2266 | D:2      | 2266 ||| Stepping randomly (stuck).
  2267 | D:2      | 2267 ||| Stepping randomly (stuck).
  2269 | D:2      | 2269 ||| Stepping randomly (stuck).
  2271 | D:2      | 2271 ||| Stepping randomly (stuck).
  2272 | D:2      | 2272 ||| Stepping randomly (stuck).
  2274 | D:2      | 2274 ||| Stepping randomly (stuck).
  2276 | D:2      | 2276 ||| Stepping randomly (stuck).
  2277 | D:2      | 2277 ||| Stepping randomly (stuck).
  2278 | D:2      | 2278 ||| Stepping randomly (stuck).
  2280 | D:2      | 2280 ||| Stepping randomly (stuck).
  2282 | D:2      | 2282 ||| Stepping randomly (stuck).
  2284 | D:2      | 2284 ||| Stepping randomly (stuck).
  2285 | D:2      | 2285 ||| Stepping randomly (stuck).
  2286 | D:2      | 2286 ||| Stepping randomly (stuck).
  2287 | D:2      | 2287 ||| Stepping randomly (stuck).
  2290 | D:2      | 2290 ||| Stepping randomly (stuck).
  2292 | D:2      | 2292 ||| Stepping randomly (stuck).
  2293 | D:2      | 2293 ||| Stepping randomly (stuck).
  2294 | D:2      | 2294 ||| Stepping randomly (stuck).
  2296 | D:2      | 2296 ||| Stepping randomly (stuck).
  2298 | D:2      | 2298 ||| Stepping randomly (stuck).
  2299 | D:2      | 2299 ||| Stepping randomly (stuck).
  2302 | D:2      | 2302 ||| Stepping randomly (stuck).
  2303 | D:2      | 2303 ||| Stepping randomly (stuck).
  2304 | D:2      | 2304 ||| Stepping randomly (stuck).
  2306 | D:2      | 2306 ||| Stepping randomly (stuck).
  2308 | D:2      | 2308 ||| Stepping randomly (stuck).
  2309 | D:2      | 2309 ||| Stepping randomly (stuck).
  2310 | D:2      | 2310 ||| Stepping randomly (stuck).
  2311 | D:2      | 2311 ||| Stepping randomly (stuck).
  2313 | D:2      | 2313 ||| Stepping randomly (stuck).
  2315 | D:2      | 2315 ||| Stepping randomly (stuck).
  2317 | D:2      | 2317 ||| Stepping randomly (stuck).
  2319 | D:2      | 2319 ||| Stepping randomly (stuck).
  2321 | D:2      | 2321 ||| Stepping randomly (stuck).
  2323 | D:2      | 2323 ||| Stepping randomly (stuck).
  2324 | D:2      | 2324 ||| Stepping randomly (stuck).
  2326 | D:2      | 2326 ||| Stepping randomly (stuck).
  2328 | D:2      | 2328 ||| Stepping randomly (stuck).
  2330 | D:2      | 2330 ||| Stepping randomly (stuck).
  2332 | D:2      | 2332 ||| Stepping randomly (stuck).
  2334 | D:2      | 2334 ||| Stepping randomly (stuck).
  2336 | D:2      | 2336 ||| Stepping randomly (stuck).
  2338 | D:2      | 2338 ||| Stepping randomly (stuck).
  2340 | D:2      | 2340 ||| Stepping randomly (stuck).
  2342 | D:2      | 2342 ||| Stepping randomly (stuck).
  2344 | D:2      | 2344 ||| Stepping randomly (stuck).
  2346 | D:2      | 2346 ||| Stepping randomly (stuck).
  2347 | D:2      | 2347 ||| Stepping randomly (stuck).
  2350 | D:2      | 2350 ||| Stepping randomly (stuck).
  2352 | D:2      | 2352 ||| Stepping randomly (stuck).
  2354 | D:2      | 2354 ||| Stepping randomly (stuck).
  2356 | D:2      | 2356 ||| Stepping randomly (stuck).
  2357 | D:2      | 2357 ||| Stepping randomly (stuck).
  2358 | D:2      | 2358 ||| Stepping randomly (stuck).
  2359 | D:2      | 2359 ||| Stepping randomly (stuck).
  2362 | D:2      | 2362 ||| Stepping randomly (stuck).
  2364 | D:2      | 2364 ||| Stepping randomly (stuck).
  2366 | D:2      | 2366 ||| Stepping randomly (stuck).
  2368 | D:2      | 2368 ||| Stepping randomly (stuck).
  2370 | D:2      | 2370 ||| Stepping randomly (stuck).
  2371 | D:2      | 2371 ||| Stepping randomly (stuck).
  2372 | D:2      | 2372 ||| Stepping randomly (stuck).
  2373 | D:2      | 2373 ||| Stepping randomly (stuck).
  2374 | D:2      | 2374 ||| Stepping randomly (stuck).
  2375 | D:2      | 2375 ||| Stepping randomly (stuck).
  2377 | D:2      | 2377 ||| Stepping randomly (stuck).
  2379 | D:2      | 2379 ||| Stepping randomly (stuck).
  2381 | D:2      | 2381 ||| Stepping randomly (stuck).
  2382 | D:2      | 2382 ||| Stepping randomly (stuck).
  2383 | D:2      | 2383 ||| Stepping randomly (stuck).
  2384 | D:2      | 2384 ||| Stepping randomly (stuck).
  2387 | D:2      | 2387 ||| Stepping randomly (stuck).
  2389 | D:2      | 2389 ||| Stepping randomly (stuck).
  2390 | D:2      | 2390 ||| Stepping randomly (stuck).
  2391 | D:2      | 2391 ||| Stepping randomly (stuck).
  2393 | D:2      | 2393 ||| Stepping randomly (stuck).
  2395 | D:2      | 2395 ||| Stepping randomly (stuck).
  2397 | D:2      | 2397 ||| Stepping randomly (stuck).
  2399 | D:2      | 2399 ||| Stepping randomly (stuck).
  2400 | D:2      | 2400 ||| Stepping randomly (stuck).
  2403 | D:2      | 2403 ||| Stepping randomly (stuck).
  2404 | D:2      | 2404 ||| Stepping randomly (stuck).
  2405 | D:2      | 2405 ||| Stepping randomly (stuck).
  2406 | D:2      | 2406 ||| Stepping randomly (stuck).
  2407 | D:2      | 2407 ||| Stepping randomly (stuck).
  2409 | D:2      | 2409 ||| Stepping randomly (stuck).
  2411 | D:2      | 2411 ||| Stepping randomly (stuck).
  2413 | D:2      | 2413 ||| Stepping randomly (stuck).
  2414 | D:2      | 2414 ||| Stepping randomly (stuck).
  2417 | D:2      | 2417 ||| Stepping randomly (stuck).
  2419 | D:2      | 2419 ||| Stepping randomly (stuck).
  2420 | D:2      | 2420 ||| Stepping randomly (stuck).
  2421 | D:2      | 2421 ||| Stepping randomly (stuck).
  2423 | D:2      | 2423 ||| Stepping randomly (stuck).
  2425 | D:2      | 2425 ||| Stepping randomly (stuck).
  2427 | D:2      | 2427 ||| Stepping randomly (stuck).
  2428 | D:2      | 2428 ||| Stepping randomly (stuck).
  2430 | D:2      | 2430 ||| Stepping randomly (stuck).
  2431 | D:2      | 2431 ||| Stepping randomly (stuck).
  2434 | D:2      | 2434 ||| Stepping randomly (stuck).
  2436 | D:2      | 2436 ||| Stepping randomly (stuck).
  2438 | D:2      | 2438 ||| Stepping randomly (stuck).
  2440 | D:2      | 2440 ||| Stepping randomly (stuck).
  2441 | D:2      | 2441 ||| Stepping randomly (stuck).
  2442 | D:2      | 2442 ||| Stepping randomly (stuck).
  2444 | D:2      | 2444 ||| Stepping randomly (stuck).
  2446 | D:2      | 2446 ||| Stepping randomly (stuck).
  2448 | D:2      | 2448 ||| Stepping randomly (stuck).
  2449 | D:2      | 2449 ||| Stepping randomly (stuck).
  2450 | D:2      | 2450 ||| Stepping randomly (stuck).
  2451 | D:2      | 2451 ||| Stepping randomly (stuck).
  2452 | D:2      | 2452 ||| Stepping randomly (stuck).
  2454 | D:2      | 2454 ||| Stepping randomly (stuck).
  2456 | D:2      | 2456 ||| Stepping randomly (stuck).
  2458 | D:2      | 2458 ||| Stepping randomly (stuck).
  2460 | D:2      | 2460 ||| Stepping randomly (stuck).
  2462 | D:2      | 2462 ||| Stepping randomly (stuck).
  2463 | D:2      | 2463 ||| Stepping randomly (stuck).
  2464 | D:2      | 2464 ||| Stepping randomly (stuck).
  2466 | D:2      | 2466 ||| Stepping randomly (stuck).
  2467 | D:2      | 2467 ||| Stepping randomly (stuck).
  2468 | D:2      | 2468 ||| Stepping randomly (stuck).
  2469 | D:2      | 2469 ||| Stepping ~*~*~tactically~*~*~ (stealth).
  2470 | D:2      | 2470 ||| Stepping randomly (stuck).
  2479 | D:2      | 2479 ||| Stepping ~*~*~tactically~*~*~ (stealth).
  2480 | D:2      | 2480 ||| Stepping randomly (stuck).
  2516 | D:2      | 2516 ||| Stepping randomly (stuck).
  2518 | D:2      | 2518 ||| Stepping randomly (stuck).
  2520 | D:2      | 2520 ||| Stepping randomly (stuck).
  2522 | D:2      | 2522 ||| Stepping randomly (stuck).
  2523 | D:2      | 2523 ||| Stepping randomly (stuck).
  2524 | D:2      | 2524 ||| Stepping randomly (stuck).
  2526 | D:2      | 2526 ||| Stepping randomly (stuck).
  2528 | D:2      | 2528 ||| Stepping randomly (stuck).
  2529 | D:2      | 2529 ||| Stepping randomly (stuck).
  2531 | D:2      | 2531 ||| Stepping randomly (stuck).
  2533 | D:2      | 2533 ||| Stepping randomly (stuck).
  2535 | D:2      | 2535 ||| Stepping randomly (stuck).
  2537 | D:2      | 2537 ||| Stepping randomly (stuck).
  2539 | D:2      | 2539 ||| Stepping randomly (stuck).
  2541 | D:2      | 2541 ||| Stepping randomly (stuck).
  2543 | D:2      | 2543 ||| Stepping randomly (stuck).
  2545 | D:2      | 2545 ||| Stepping randomly (stuck).
  2546 | D:2      | 2546 ||| Stepping randomly (stuck).
  2549 | D:2      | 2549 ||| Stepping randomly (stuck).
  2551 | D:2      | 2551 ||| Stepping randomly (stuck).
  2553 | D:2      | 2553 ||| Stepping randomly (stuck).
  2555 | D:2      | 2555 ||| Stepping randomly (stuck).
  2557 | D:2      | 2557 ||| Stepping randomly (stuck).
  2559 | D:2      | 2559 ||| Stepping randomly (stuck).
  2560 | D:2      | 2560 ||| Stepping randomly (stuck).
  2561 | D:2      | 2561 ||| Stepping randomly (stuck).
  2563 | D:2      | 2563 ||| Stepping randomly (stuck).
  2565 | D:2      | 2565 ||| Stepping randomly (stuck).
  2567 | D:2      | 2567 ||| Stepping randomly (stuck).
  2568 | D:2      | 2568 ||| Stepping randomly (stuck).
  2569 | D:2      | 2569 ||| Stepping randomly (stuck).
  2571 | D:2      | 2571 ||| Stepping randomly (stuck).
  2573 | D:2      | 2573 ||| Stepping randomly (stuck).
  2574 | D:2      | 2574 ||| Stepping randomly (stuck).
  2575 | D:2      | 2575 ||| Stepping randomly (stuck).
  2576 | D:2      | 2576 ||| Stepping randomly (stuck).
  2577 | D:2      | 2577 ||| Stepping randomly (stuck).
  2579 | D:2      | 2579 ||| Stepping randomly (stuck).
  2580 | D:2      | 2580 ||| Stepping randomly (stuck).
  2581 | D:2      | 2581 ||| Stepping randomly (stuck).
  2583 | D:2      | 2583 ||| Stepping randomly (stuck).
  2585 | D:2      | 2585 ||| Stepping randomly (stuck).
  2587 | D:2      | 2587 ||| Stepping randomly (stuck).
  2589 | D:2      | 2589 ||| Stepping randomly (stuck).
  2590 | D:2      | 2590 ||| Stepping randomly (stuck).
  2592 | D:2      | 2592 ||| Stepping randomly (stuck).
  2594 | D:2      | 2594 ||| Stepping randomly (stuck).
  2596 | D:2      | 2596 ||| Stepping randomly (stuck).
  2598 | D:2      | 2598 ||| Stepping randomly (stuck).
  2599 | D:2      | 2599 ||| Stepping randomly (stuck).
  2600 | D:2      | 2600 ||| Stepping randomly (stuck).
  2605 | D:2      | 2605 ||| Stepping randomly (stuck).
  2607 | D:2      | 2607 ||| Stepping randomly (stuck).
  2608 | D:2      | 2608 ||| Stepping randomly (stuck).
  2610 | D:2      | 2610 ||| Stepping randomly (stuck).
  2612 | D:2      | 2612 ||| Stepping randomly (stuck).
  2613 | D:2      | 2613 ||| Stepping randomly (stuck).
  2614 | D:2      | 2614 ||| Stepping randomly (stuck).
  2616 | D:2      | 2616 ||| Stepping randomly (stuck).
  2618 | D:2      | 2618 ||| Stepping randomly (stuck).
  2620 | D:2      | 2620 ||| Stepping randomly (stuck).
  2622 | D:2      | 2622 ||| Stepping randomly (stuck).
  2624 | D:2      | 2624 ||| Stepping randomly (stuck).
  2626 | D:2      | 2626 ||| Stepping randomly (stuck).
  2628 | D:2      | 2628 ||| Stepping randomly (stuck).
  2630 | D:2      | 2630 ||| Stepping randomly (stuck).
  2631 | D:2      | 2631 ||| Stepping randomly (stuck).
  2632 | D:2      | 2632 ||| Stepping randomly (stuck).
  2633 | D:2      | 2633 ||| Stepping randomly (stuck).
  2634 | D:2      | 2634 ||| Stepping randomly (stuck).
  2635 | D:2      | 2635 ||| Stepping randomly (stuck).
  2637 | D:2      | 2637 ||| Stepping randomly (stuck).
  2638 | D:2      | 2638 ||| Stepping randomly (stuck).
  2639 | D:2      | 2639 ||| Stepping randomly (stuck).
  2641 | D:2      | 2641 ||| Stepping randomly (stuck).
  2643 | D:2      | 2643 ||| Stepping randomly (stuck).
  2645 | D:2      | 2645 ||| Stepping randomly (stuck).
  2647 | D:2      | 2647 ||| Stepping randomly (stuck).
  2649 | D:2      | 2649 ||| Stepping randomly (stuck).
  2651 | D:2      | 2651 ||| Stepping randomly (stuck).
  2652 | D:2      | 2652 ||| Stepping randomly (stuck).
  2653 | D:2      | 2653 ||| Stepping randomly (stuck).
  2654 | D:2      | 2654 ||| Stepping randomly (stuck).
  2657 | D:2      | 2657 ||| Stepping randomly (stuck).
  2659 | D:2      | 2659 ||| Stepping randomly (stuck).
  2661 | D:2      | 2661 ||| Stepping randomly (stuck).
  2663 | D:2      | 2663 ||| Stepping randomly (stuck).
  2665 | D:2      | 2665 ||| Stepping randomly (stuck).
  2667 | D:2      | 2667 ||| Stepping randomly (stuck).
  2669 | D:2      | 2669 ||| Stepping randomly (stuck).
  2671 | D:2      | 2671 ||| Stepping randomly (stuck).
  2672 | D:2      | 2672 ||| Stepping randomly (stuck).
  2674 | D:2      | 2674 ||| Stepping randomly (stuck).
  2676 | D:2      | 2676 ||| Stepping randomly (stuck).
  2677 | D:2      | 2677 ||| Stepping randomly (stuck).
  2680 | D:2      | 2680 ||| Stepping randomly (stuck).
  2682 | D:2      | 2682 ||| Stepping randomly (stuck).
  2684 | D:2      | 2684 ||| Stepping randomly (stuck).
  2686 | D:2      | 2686 ||| Stepping randomly (stuck).
  2688 | D:2      | 2688 ||| Stepping randomly (stuck).
  2689 | D:2      | 2689 ||| Stepping randomly (stuck).
  2690 | D:2      | 2690 ||| Stepping randomly (stuck).
  2691 | D:2      | 2691 ||| Stepping randomly (stuck).
  2692 | D:2      | 2692 ||| Stepping randomly (stuck).
  2695 | D:2      | 2695 ||| Stepping randomly (stuck).
  2696 | D:2      | 2696 ||| Stepping randomly (stuck).
  2697 | D:2      | 2697 ||| Stepping randomly (stuck).
  2699 | D:2      | 2699 ||| Stepping randomly (stuck).
  2700 | D:2      | 2700 ||| Stepping randomly (stuck).
  2701 | D:2      | 2701 ||| Stepping randomly (stuck).
  2702 | D:2      | 2702 ||| Stepping randomly (stuck).
  2703 | D:2      | 2703 ||| Stepping randomly (stuck).
  2704 | D:2      | 2704 ||| Stepping randomly (stuck).
  2705 | D:2      | 2705 ||| Stepping randomly (stuck).
  2706 | D:2      | 2706 ||| Stepping randomly (stuck).
  2708 | D:2      | 2708 ||| Stepping randomly (stuck).
  2710 | D:2      | 2710 ||| Stepping randomly (stuck).
  2712 | D:2      | 2712 ||| Stepping randomly (stuck).
  2713 | D:2      | 2713 ||| Stepping randomly (stuck).
  2716 | D:2      | 2716 ||| Stepping randomly (stuck).
  2718 | D:2      | 2718 ||| Stepping randomly (stuck).
  2720 | D:2      | 2720 ||| Stepping randomly (stuck).
  2721 | D:2      | 2721 ||| Stepping randomly (stuck).
  2723 | D:2      | 2723 ||| Stepping randomly (stuck).
  2725 | D:2      | 2725 ||| Stepping randomly (stuck).
  2727 | D:2      | 2727 ||| Stepping randomly (stuck).
  2729 | D:2      | 2729 ||| Stepping randomly (stuck).
  2731 | D:2      | 2731 ||| Stepping randomly (stuck).
  2733 | D:2      | 2733 ||| Stepping randomly (stuck).
  2734 | D:2      | 2734 ||| Stepping randomly (stuck).
  2735 | D:2      | 2735 ||| Stepping randomly (stuck).
  2736 | D:2      | 2736 ||| Stepping randomly (stuck).
  2737 | D:2      | 2737 ||| Stepping randomly (stuck).
  2739 | D:2      | 2739 ||| Stepping randomly (stuck).
  2741 | D:2      | 2741 ||| Stepping randomly (stuck).
  2743 | D:2      | 2743 ||| Stepping randomly (stuck).
  2744 | D:2      | 2744 ||| Stepping randomly (stuck).
  2746 | D:2      | 2746 ||| Stepping randomly (stuck).
  2748 | D:2      | 2748 ||| Stepping randomly (stuck).
  2750 | D:2      | 2750 ||| Stepping randomly (stuck).
  2752 | D:2      | 2752 ||| Stepping randomly (stuck).
  2754 | D:2      | 2754 ||| Stepping randomly (stuck).
  2756 | D:2      | 2756 ||| Stepping randomly (stuck).
  2758 | D:2      | 2758 ||| Stepping randomly (stuck).
  2759 | D:2      | 2759 ||| Stepping randomly (stuck).
  2761 | D:2      | 2761 ||| Stepping randomly (stuck).
  2763 | D:2      | 2763 ||| Stepping randomly (stuck).
  2764 | D:2      | 2764 ||| Stepping randomly (stuck).
  2766 | D:2      | 2766 ||| Stepping randomly (stuck).
  2767 | D:2      | 2767 ||| Stepping randomly (stuck).
  2770 | D:2      | 2770 ||| Stepping randomly (stuck).
  2772 | D:2      | 2772 ||| Stepping randomly (stuck).
  2773 | D:2      | 2773 ||| Stepping randomly (stuck).
  2775 | D:2      | 2775 ||| Stepping randomly (stuck).
  2777 | D:2      | 2777 ||| Stepping randomly (stuck).
  2779 | D:2      | 2779 ||| Stepping randomly (stuck).
  2781 | D:2      | 2781 ||| Stepping randomly (stuck).
  2783 | D:2      | 2783 ||| Stepping randomly (stuck).
  2785 | D:2      | 2785 ||| Stepping randomly (stuck).
  2787 | D:2      | 2787 ||| Stepping randomly (stuck).
  2789 | D:2      | 2789 ||| Stepping randomly (stuck).
  2791 | D:2      | 2791 ||| Stepping randomly (stuck).
  2793 | D:2      | 2793 ||| Stepping randomly (stuck).
  2795 | D:2      | 2795 ||| Stepping randomly (stuck).
  2797 | D:2      | 2797 ||| Stepping randomly (stuck).
  2798 | D:2      | 2798 ||| Stepping randomly (stuck).
  2801 | D:2      | 2801 ||| Stepping randomly (stuck).
  2803 | D:2      | 2803 ||| Stepping randomly (stuck).
  2805 | D:2      | 2805 ||| Stepping randomly (stuck).
  2807 | D:2      | 2807 ||| Stepping randomly (stuck).
  2809 | D:2      | 2809 ||| Stepping randomly (stuck).
  2811 | D:2      | 2811 ||| Stepping randomly (stuck).
  2812 | D:2      | 2812 ||| Stepping randomly (stuck).
  2815 | D:2      | 2815 ||| Stepping randomly (stuck).
  2817 | D:2      | 2817 ||| Stepping randomly (stuck).
  2818 | D:2      | 2818 ||| Stepping randomly (stuck).
  2821 | D:2      | 2821 ||| Stepping randomly (stuck).
  2822 | D:2      | 2822 ||| Stepping randomly (stuck).
  2825 | D:2      | 2825 ||| Stepping randomly (stuck).
  2827 | D:2      | 2827 ||| Stepping randomly (stuck).
  2829 | D:2      | 2829 ||| Stepping randomly (stuck).
  2831 | D:2      | 2831 ||| Stepping randomly (stuck).
  2833 | D:2      | 2833 ||| Stepping randomly (stuck).
  2835 | D:2      | 2835 ||| Stepping randomly (stuck).
  2837 | D:2      | 2837 ||| Stepping randomly (stuck).
  2839 | D:2      | 2839 ||| Stepping randomly (stuck).
  2840 | D:2      | 2840 ||| Stepping randomly (stuck).
  2841 | D:2      | 2841 ||| Stepping randomly (stuck).
  2843 | D:2      | 2843 ||| Stepping randomly (stuck).
  2845 | D:2      | 2845 ||| Stepping randomly (stuck).
  2846 | D:2      | 2846 ||| Stepping randomly (stuck).
  2849 | D:2      | 2849 ||| Stepping randomly (stuck).
  2850 | D:2      | 2850 ||| Stepping randomly (stuck).
  2851 | D:2      | 2851 ||| Stepping randomly (stuck).
  2852 | D:2      | 2852 ||| Stepping randomly (stuck).
  2855 | D:2      | 2855 ||| Stepping randomly (stuck).
  2856 | D:2      | 2856 ||| Stepping randomly (stuck).
  2857 | D:2      | 2857 ||| Stepping randomly (stuck).
  2859 | D:2      | 2859 ||| Stepping randomly (stuck).
  2861 | D:2      | 2861 ||| Stepping randomly (stuck).
  2863 | D:2      | 2863 ||| Stepping randomly (stuck).
  2865 | D:2      | 2865 ||| Stepping randomly (stuck).
  2866 | D:2      | 2866 ||| Stepping randomly (stuck).
  2868 | D:2      | 2868 ||| Stepping randomly (stuck).
  2870 | D:2      | 2870 ||| Stepping randomly (stuck).
  2872 | D:2      | 2872 ||| Stepping randomly (stuck).
  2874 | D:2      | 2874 ||| Stepping randomly (stuck).
  2876 | D:2      | 2876 ||| Stepping randomly (stuck).
  2878 | D:2      | 2878 ||| Stepping randomly (stuck).
  2880 | D:2      | 2880 ||| Stepping randomly (stuck).
  2881 | D:2      | 2881 ||| Stepping randomly (stuck).
  2882 | D:2      | 2882 ||| Stepping randomly (stuck).
  2884 | D:2      | 2884 ||| Stepping randomly (stuck).
  2886 | D:2      | 2886 ||| Stepping randomly (stuck).
  2888 | D:2      | 2888 ||| Stepping randomly (stuck).
  2889 | D:2      | 2889 ||| Stepping randomly (stuck).
  2890 | D:2      | 2890 ||| Stepping randomly (stuck).
  2891 | D:2      | 2891 ||| Stepping randomly (stuck).
  2893 | D:2      | 2893 ||| Stepping randomly (stuck).
  2895 | D:2      | 2895 ||| Stepping randomly (stuck).
  2896 | D:2      | 2896 ||| Stepping randomly (stuck).
  2898 | D:2      | 2898 ||| Stepping randomly (stuck).
  2899 | D:2      | 2899 ||| Stepping ~*~*~tactically~*~*~ (stealth).
  2900 | D:2      | 2900 ||| Stepping ~*~*~tactically~*~*~ (stealth).
  2906 | D:2      | 2906 ||| Stepping randomly (stuck).
  2907 | D:2      | 2907 ||| Stepping randomly (stuck).
  2909 | D:2      | 2909 ||| Stepping randomly (stuck).
  2910 | D:2      | 2910 ||| Stepping randomly (stuck).
  2911 | D:2      | 2911 ||| Stepping randomly (stuck).
  2912 | D:2      | 2912 ||| Stepping randomly (stuck).
  2914 | D:2      | 2914 ||| Stepping randomly (stuck).
  2915 | D:2      | 2915 ||| Stepping randomly (stuck).
  2916 | D:2      | 2916 ||| Stepping randomly (stuck).
  2917 | D:2      | 2917 ||| Stepping randomly (stuck).
  2919 | D:2      | 2919 ||| Stepping randomly (stuck).
  2920 | D:2      | 2920 ||| Stepping randomly (stuck).
  2922 | D:2      | 2922 ||| Stepping randomly (stuck).
  2924 | D:2      | 2924 ||| Stepping randomly (stuck).
  2926 | D:2      | 2926 ||| Stepping randomly (stuck).
  2927 | D:2      | 2927 ||| Stepping randomly (stuck).
  2928 | D:2      | 2928 ||| Stepping randomly (stuck).
  2929 | D:2      | 2929 ||| Stepping randomly (stuck).
  2931 | D:2      | 2931 ||| Stepping randomly (stuck).
  2933 | D:2      | 2933 ||| Stepping randomly (stuck).
  2935 | D:2      | 2935 ||| Stepping randomly (stuck).
  2936 | D:2      | 2936 ||| Stepping randomly (stuck).
  2938 | D:2      | 2938 ||| Stepping randomly (stuck).
  2940 | D:2      | 2940 ||| Stepping randomly (stuck).
  2942 | D:2      | 2942 ||| Stepping randomly (stuck).
  2944 | D:2      | 2944 ||| Stepping randomly (stuck).
  2946 | D:2      | 2946 ||| Stepping randomly (stuck).
  2947 | D:2      | 2947 ||| Stepping randomly (stuck).
  2950 | D:2      | 2950 ||| Stepping randomly (stuck).
  2951 | D:2      | 2951 ||| Stepping randomly (stuck).
  2952 | D:2      | 2952 ||| Stepping randomly (stuck).
  2954 | D:2      | 2954 ||| Stepping randomly (stuck).
  2955 | D:2      | 2955 ||| Stepping randomly (stuck).
  2956 | D:2      | 2956 ||| Stepping randomly (stuck).
  2958 | D:2      | 2958 ||| Stepping randomly (stuck).
  2960 | D:2      | 2960 ||| Stepping randomly (stuck).
  2962 | D:2      | 2962 ||| Stepping randomly (stuck).
  2964 | D:2      | 2964 ||| Stepping randomly (stuck).
  2965 | D:2      | 2965 ||| Stepping randomly (stuck).
  2967 | D:2      | 2967 ||| Stepping randomly (stuck).
  2969 | D:2      | 2969 ||| Stepping randomly (stuck).
  2970 | D:2      | 2970 ||| Stepping randomly (stuck).
  2972 | D:2      | 2972 ||| Stepping randomly (stuck).
  2973 | D:2      | 2973 ||| Stepping randomly (stuck).
  2975 | D:2      | 2975 ||| Stepping randomly (stuck).
  2977 | D:2      | 2977 ||| Stepping randomly (stuck).
  2979 | D:2      | 2979 ||| Stepping randomly (stuck).
  2981 | D:2      | 2981 ||| Stepping randomly (stuck).
  2983 | D:2      | 2983 ||| Stepping randomly (stuck).
  2985 | D:2      | 2985 ||| Stepping randomly (stuck).
  2987 | D:2      | 2987 ||| Stepping randomly (stuck).
  2989 | D:2      | 2989 ||| Stepping randomly (stuck).
  2991 | D:2      | 2991 ||| Stepping randomly (stuck).
  2993 | D:2      | 2993 ||| Stepping randomly (stuck).
  2994 | D:2      | 2994 ||| Stepping randomly (stuck).
  2995 | D:2      | 2995 ||| Stepping randomly (stuck).
  2997 | D:2      | 2997 ||| Stepping randomly (stuck).
  2999 | D:2      | 2999 ||| Stepping randomly (stuck).
  3000 | D:2      | 3000 ||| Stepping randomly (stuck).
  3002 | D:2      | 3002 ||| Stepping randomly (stuck).
  3004 | D:2      | 3004 ||| Stepping randomly (stuck).
  3006 | D:2      | 3006 ||| Stepping randomly (stuck).
  3008 | D:2      | 3008 ||| Stepping randomly (stuck).
  3009 | D:2      | 3009 ||| Stepping randomly (stuck).
  3011 | D:2      | 3011 ||| Stepping randomly (stuck).
  3012 | D:2      | 3012 ||| Stepping randomly (stuck).
  3013 | D:2      | 3013 ||| Stepping randomly (stuck).
  3014 | D:2      | 3014 ||| Stepping randomly (stuck).
  3015 | D:2      | 3015 ||| Stepping randomly (stuck).
  3018 | D:2      | 3018 ||| Stepping randomly (stuck).
  3019 | D:2      | 3019 ||| Stepping randomly (stuck).
  3021 | D:2      | 3021 ||| Stepping randomly (stuck).
  3023 | D:2      | 3023 ||| Stepping randomly (stuck).
  3024 | D:2      | 3024 ||| Stepping randomly (stuck).
  3026 | D:2      | 3026 ||| Stepping randomly (stuck).
  3028 | D:2      | 3028 ||| Stepping randomly (stuck).
  3030 | D:2      | 3030 ||| Stepping randomly (stuck).
  3032 | D:2      | 3032 ||| Stepping randomly (stuck).
  3033 | D:2      | 3033 ||| Stepping randomly (stuck).
  3034 | D:2      | 3034 ||| Stepping randomly (stuck).
  3035 | D:2      | 3035 ||| Stepping randomly (stuck).
  3038 | D:2      | 3038 ||| Stepping randomly (stuck).
  3039 | D:2      | 3039 ||| Stepping randomly (stuck).
  3042 | D:2      | 3042 ||| Stepping randomly (stuck).
  3044 | D:2      | 3044 ||| Stepping randomly (stuck).
  3046 | D:2      | 3046 ||| Stepping randomly (stuck).
  3047 | D:2      | 3047 ||| Stepping randomly (stuck).
  3048 | D:2      | 3048 ||| Stepping randomly (stuck).
  3050 | D:2      | 3050 ||| Stepping randomly (stuck).
  3052 | D:2      | 3052 ||| Stepping randomly (stuck).
  3054 | D:2      | 3054 ||| Stepping randomly (stuck).
  3056 | D:2      | 3056 ||| Stepping randomly (stuck).
  3057 | D:2      | 3057 ||| Stepping randomly (stuck).
  3059 | D:2      | 3059 ||| Stepping randomly (stuck).
  3061 | D:2      | 3061 ||| Stepping randomly (stuck).
  3063 | D:2      | 3063 ||| Stepping randomly (stuck).
  3065 | D:2      | 3065 ||| Stepping randomly (stuck).
  3067 | D:2      | 3067 ||| Stepping randomly (stuck).
  3069 | D:2      | 3069 ||| Stepping randomly (stuck).
  3070 | D:2      | 3070 ||| Stepping randomly (stuck).
  3071 | D:2      | 3071 ||| Stepping randomly (stuck).
  3072 | D:2      | 3072 ||| Stepping randomly (stuck).
  3074 | D:2      | 3074 ||| Stepping randomly (stuck).
  3076 | D:2      | 3076 ||| Stepping randomly (stuck).
  3077 | D:2      | 3077 ||| Stepping randomly (stuck).
  3079 | D:2      | 3079 ||| Stepping randomly (stuck).
  3081 | D:2      | 3081 ||| Stepping randomly (stuck).
  3083 | D:2      | 3083 ||| Stepping randomly (stuck).
  3085 | D:2      | 3085 ||| Stepping randomly (stuck).
  3086 | D:2      | 3086 ||| Stepping randomly (stuck).
  3089 | D:2      | 3089 ||| Stepping randomly (stuck).
  3091 | D:2      | 3091 ||| Stepping randomly (stuck).
  3093 | D:2      | 3093 ||| Stepping randomly (stuck).
  3094 | D:2      | 3094 ||| Stepping randomly (stuck).
  3096 | D:2      | 3096 ||| Stepping randomly (stuck).
  3097 | D:2      | 3097 ||| Stepping randomly (stuck).
  3098 | D:2      | 3098 ||| Stepping randomly (stuck).
  3101 | D:2      | 3101 ||| Stepping randomly (stuck).
  3102 | D:2      | 3102 ||| Stepping randomly (stuck).
  3104 | D:2      | 3104 ||| Stepping randomly (stuck).
  3106 | D:2      | 3106 ||| Stepping randomly (stuck).
  3108 | D:2      | 3108 ||| Stepping randomly (stuck).
  3110 | D:2      | 3110 ||| Stepping randomly (stuck).
  3111 | D:2      | 3111 ||| Stepping randomly (stuck).
  3112 | D:2      | 3112 ||| Stepping randomly (stuck).
  3114 | D:2      | 3114 ||| Stepping randomly (stuck).
  3116 | D:2      | 3116 ||| Stepping randomly (stuck).
  3117 | D:2      | 3117 ||| Stepping randomly (stuck).
  3119 | D:2      | 3119 ||| Stepping randomly (stuck).
  3120 | D:2      | 3120 ||| Stepping randomly (stuck).
  3122 | D:2      | 3122 ||| Stepping randomly (stuck).
  3124 | D:2      | 3124 ||| Stepping randomly (stuck).
  3126 | D:2      | 3126 ||| Stepping randomly (stuck).
  3128 | D:2      | 3128 ||| Stepping randomly (stuck).
  3130 | D:2      | 3130 ||| Stepping randomly (stuck).
  3132 | D:2      | 3132 ||| Stepping randomly (stuck).
  3133 | D:2      | 3133 ||| Stepping randomly (stuck).
  3135 | D:2      | 3135 ||| Stepping randomly (stuck).
  3136 | D:2      | 3136 ||| Stepping randomly (stuck).
  3137 | D:2      | 3137 ||| Stepping randomly (stuck).
  3138 | D:2      | 3138 ||| Stepping randomly (stuck).
  3139 | D:2      | 3139 ||| Stepping randomly (stuck).
  3140 | D:2      | 3140 ||| Stepping randomly (stuck).
  3142 | D:2      | 3142 ||| Stepping randomly (stuck).
  3143 | D:2      | 3143 ||| Stepping randomly (stuck).
  3145 | D:2      | 3145 ||| Stepping randomly (stuck).
  3146 | D:2      | 3146 ||| Stepping randomly (stuck).
  3149 | D:2      | 3149 ||| Stepping randomly (stuck).
  3151 | D:2      | 3151 ||| Stepping randomly (stuck).
  3153 | D:2      | 3153 ||| Stepping randomly (stuck).
  3155 | D:2      | 3155 ||| Stepping randomly (stuck).
  3156 | D:2      | 3156 ||| Stepping randomly (stuck).
  3158 | D:2      | 3158 ||| Stepping randomly (stuck).
  3160 | D:2      | 3160 ||| Stepping randomly (stuck).
  3162 | D:2      | 3162 ||| Stepping randomly (stuck).
  3163 | D:2      | 3163 ||| Stepping randomly (stuck).
  3164 | D:2      | 3164 ||| Stepping randomly (stuck).
  3166 | D:2      | 3166 ||| Stepping randomly (stuck).
  3168 | D:2      | 3168 ||| Stepping randomly (stuck).
  3169 | D:2      | 3169 ||| Stepping randomly (stuck).
  3171 | D:2      | 3171 ||| Stepping randomly (stuck).
  3173 | D:2      | 3173 ||| Stepping randomly (stuck).
  3174 | D:2      | 3174 ||| Stepping randomly (stuck).
  3177 | D:2      | 3177 ||| Stepping randomly (stuck).
  3179 | D:2      | 3179 ||| Stepping randomly (stuck).
  3181 | D:2      | 3181 ||| Stepping randomly (stuck).
  3183 | D:2      | 3183 ||| Stepping randomly (stuck).
  3185 | D:2      | 3185 ||| Stepping randomly (stuck).
  3186 | D:2      | 3186 ||| Stepping randomly (stuck).
  3188 | D:2      | 3188 ||| Stepping randomly (stuck).
  3190 | D:2      | 3190 ||| Stepping randomly (stuck).
  3192 | D:2      | 3192 ||| Stepping randomly (stuck).
  3194 | D:2      | 3194 ||| Stepping randomly (stuck).
  3196 | D:2      | 3196 ||| Stepping randomly (stuck).
  3198 | D:2      | 3198 ||| Stepping randomly (stuck).
  3200 | D:2      | 3200 ||| Stepping randomly (stuck).
  3201 | D:2      | 3201 ||| Stepping randomly (stuck).
  3203 | D:2      | 3203 ||| Stepping randomly (stuck).
  3205 | D:2      | 3205 ||| Stepping randomly (stuck).
  3207 | D:2      | 3207 ||| Stepping randomly (stuck).
  3208 | D:2      | 3208 ||| Stepping randomly (stuck).
  3210 | D:2      | 3210 ||| Stepping randomly (stuck).
  3212 | D:2      | 3212 ||| Stepping randomly (stuck).
  3213 | D:2      | 3213 ||| Stepping randomly (stuck).
  3215 | D:2      | 3215 ||| Stepping randomly (stuck).
  3217 | D:2      | 3217 ||| Stepping randomly (stuck).
  3219 | D:2      | 3219 ||| Stepping randomly (stuck).
  3221 | D:2      | 3221 ||| Stepping randomly (stuck).
  3222 | D:2      | 3222 ||| Stepping randomly (stuck).
  3225 | D:2      | 3225 ||| Stepping randomly (stuck).
  3227 | D:2      | 3227 ||| Stepping randomly (stuck).
  3228 | D:2      | 3228 ||| Stepping randomly (stuck).
  3229 | D:2      | 3229 ||| Stepping randomly (stuck).
  3230 | D:2      | 3230 ||| Stepping randomly (stuck).
  3232 | D:2      | 3232 ||| Stepping randomly (stuck).
  3234 | D:2      | 3234 ||| Stepping randomly (stuck).
  3235 | D:2      | 3235 ||| Stepping randomly (stuck).
  3237 | D:2      | 3237 ||| Stepping randomly (stuck).
  3238 | D:2      | 3238 ||| Stepping randomly (stuck).
  3241 | D:2      | 3241 ||| Stepping randomly (stuck).
  3242 | D:2      | 3242 ||| Stepping randomly (stuck).
  3243 | D:2      | Quit the game

Levels and vault maps discovered:
D:1:      tarquinn_simple_flora_water_b, layout_basic,
          chequers_serial_rivers_large_b, minmay_pentomino_r4
D:2:      layout_rooms, serial_shops, nicolae_shop_hallway_plus,
          basic_ecumenical_altar, serial_glass, glass_columns_b,
          glass_columns_a, glass_columns_b, glass_columns_b, glass_columns_a,
          glass_columns_c, grunt_decor_cap, uniq_terence

Skill      XL: |  1  2  3  4 |
---------------+-------------+-----
Axes           | 3 4 5 |  5.1
Fighting       | |  2.0
Throwing       | |  1.0
Armour         | |  1.1
Dodging        | |  2.1
Spellcasting   | |  2.0
Translocations | |  2.4

Action                   |  1- 3 |  4- 6 || total
-------------------------+-------+-------++-------
Melee: Hand axe          |    54 |    22 ||    76
       Kick              |    13 |    10 ||    23
       Peck              |    10 |     2 ||    12
Throw: Boomerang         |     7 |       ||     7
  Use: Scroll            |     2 |     1 ||     3
Armor: Leather armour    |     4 |       ||     4
       Ring mail         |     6 |     7 ||    13
Dodge: Dodged            |    31 |     6 ||    37

Table legend:
 A = Non-vault XP
 B = Vault XP
 C = Vault XP percentage of total XP
 D = Non-vault monster count
 E = Vault monster count
 F = Vault count percentage of total count
                 A         B        C        D         E       F
            +---------+---------+-------+---------+---------+-------
      Total |      86 |      41 |  32.3 |      31 |       4 |  11.4
            +---------+---------+-------+---------+---------+-------
        D:1 |      57 |       5 |   8.1 |      21 |       3 |  12.5
        D:2 |      29 |      36 |  55.4 |      10 |       1 |   9.1
            +---------+---------+-------+---------+---------+-------
